 Dungeon Crawl Stone Soup version 0.30-a0-739-gea05faddec (webtiles) character file.

Game seed: 14374714044643670564

89 Esekla the Sneak (level 4, 31/31 HPs)
             Began as an Octopode Delver on Feb 5, 2023.
             Quit the game on level 5 of the Dungeon.
             The game lasted 00:01:41 (291 turns).

Esekla the Sneak (Octopode Delver)                   Turns: 291, Time: 00:01:41

Health: 31/31      AC:  1    Str: 11    XL:     4   Next: 55%
Magic:  5/5        EV: 13    Int: 14    God:
Gold:   64         SH:  0    Dex: 13    Spells: 5/5 levels left

rFire   . . .      SeeInvis .    a - +0 scimitar
rCold   . . .      Faith    .    (no shield)
rNeg    . . .      Spirit   .    (helmet restricted)
rPois   .          Reflect  .    (no amulet)
rElec   .          Harm     .    (no ring)
rCorr   .          Rampage  .    (no ring)
Will    .....                    (no ring)
Stlth   +++++                    (no ring)
HPRegen 0.25/turn                (no ring)
MPRegen 0.09/turn                (no ring)
                                 (no ring)
                                 (no ring)

@: no status effects
A: almost no armour, amphibious, 8 rings, camouflage 1, gelatinous body 1,
(nimble swimmer 1), tentacles
a: no special abilities


You were on level 5 of the Dungeon.
You visited 1 branch of the dungeon, and saw 1 of its levels.

You collected 64 gold pieces.

Inventory:

Hand Weapons
 a - a +0 scimitar (weapon)
Armour
 c - a +0 kite shield
Wands
 f - a wand of digging (3)
Scrolls
 b - a scroll of fog
 d - a scroll of fear
 g - a scroll of immolation {unknown}
Potions
 e - a potion of haste


   Skills:
 * Level 3.4 Fighting
 * Level 2.6 Long Blades
 * Level 2.4 Dodging
 + Level 7.5 Stealth
 * Level 1.0 Spellcasting


You had 5 spell levels left.
You didn't know any spells.
Your spell library contained the following spells:

 Spells                   Type           Power      Damage    Failure   Level
 Dazzling Flash           Conj/Hex       0%         N/A       61%         3
 Iskenderun's Mystic Bla  Conj/Tloc      0%         2d3       95%         4
 Starburst                Conj/Fire      0%         6d3       100%        6


Dungeon Overview and Level Annotations

Branches:
Dungeon (5/15)
 Temple: D:4-7

Altars:
Wu Jian


Innate Abilities, Weirdness & Mutations

You cannot wear most types of armour.
You are amphibious.
You can wear up to eight rings at the same time.
Your skin changes colour to match your surroundings (Stealth+).
Your rubbery body absorbs attacks. (AC +1, EV +1)
((You are camouflaged when in or above water. (Stealth+)))
You have tentacles for arms and can constrict up to eight enemies at once.


Message History

You have reached level 4!
You start resting.
Magic restored.
You start resting.
HP restored.
A hound comes into view.
The helpless hound fails to defend itself.
You hit the hound. Your grab misses the hound. Your squeeze misses the hound.
The hound is lightly wounded.
The hound closely misses you. The hound misses you.
You closely miss the hound. You grab the hound.
The hound is lightly wounded.
You constrict the hound, but do no damage.
The hound misses you.
You hit the hound.
The hound is heavily wounded.
You constrict the hound. The hound closely misses you. x2
You hit the hound but do no damage.
The hound is severely wounded.
You constrict the hound. The hound barely misses you. The hound bites you.
You hit the hound.
You squeeze the hound, but do no damage.
The hound is almost dead.
You constrict the hound.
You kill the hound!
Your Spellcasting skill increases to level 1!
You see here a hound corpse.
Found an ornate altar of the Wu Jian Council.
You start resting.
HP restored.
Found a scimitar and 10 gold pieces.
You are now empty-tentacled.
You drop a +0 falchion.
Found a scroll labelled IRUNOJ LYDI.
You see here a +0 scimitar.
a - a +0 scimitar
a - a +0 scimitar (weapon)
You now have 64 gold pieces (gained 10).
g - a scroll labelled IRUNOJ LYDI You see here a +0 falchion.
Are you sure you want to abandon this character and quit the game? (Confirm with "yes".)

*,,,,,****,********.#
,,,,,,,,,,,********.###*****
*,,,,,**,,,,,,,,,,,...,,,,,*
**,,,***,*,**######.###***,******
,,,,,***,#.###........# *,,,,,,,
,*,,,,,,.........##.#.# ********
,,,,,***.#.#####)#*.#.#
***,**,,.........##.#.# *
*,**,*##......@...#.# * *,**,*
######..####.# ***,**,**
###..####.########## ,,,,,,,,***
#..................#
*,*****,,,**#######..†########.#
*,* ****,,,,.....#..########.#
*,* *,~~~≈§≈§.#...........## *,*
*~,,§≈§.§§#..###........ *,***
*~,~§§.≈§§#..# #.#######


There were no monsters in sight!

Vanquished Creatures
  A hound (D:5)
  2 iguanas (D:5)
  An adder (D:5)
  A dart slug (D:5)
5 creatures vanquished.

Notes
Turn   | Place    | Note
-------+----------+-------------------------------------------
     0 | D:5      | Esekla the Octopode Delver began the quest for the Orb.
     0 | D:5      | Reached XP level 1. HP: 16/16 MP: 1/1
    26 | D:5      | Noticed a black bear
    33 | D:5      | Reached XP level 2. HP: 21/21 MP: 2/2
    83 | D:5      | Noticed a phantom
   116 | D:5      | Reached skill level 7 in Stealth
   116 | D:5      | Reached XP level 3. HP: 12/26 MP: 2/4
   135 | D:5      | Reached XP level 4. HP: 9/31 MP: 3/5
   245 | D:5      | Reached skill level 1 in Spellcasting
   246 | D:5      | Found an ornate altar of the Wu Jian Council.
   291 | D:5      | Quit the game

Illustrated notes

Levels and vault maps discovered:
D:5:      layout_loops_ring, mainiacjoe_overflow_paths

Skill      XL: |  1  2  3  4 |
---------------+-------------+-----
Stealth        | 7 |  7.5
Spellcasting   | 1 |  1.0
Fighting       | |  3.4
Long Blades    | |  2.6
Dodging        | |  2.4

Action                     |  1- 3 |  4- 6 || total
---------------------------+-------+-------++-------
  Melee: Falchion          |    19 |     5 ||    24
         Constrict         |     4 |     1 ||     5
         Tentacles         |     6 |     1 ||     7
    Use: Scroll            |     1 |       ||     1
   Stab: Sleeping          |     1 |     1 ||     2
 Armour: Skin              |     1 |       ||     1
  Dodge: Dodged            |    14 |     6 ||    20

Table legend: (Time is in decaauts)
 A = Elapsed time spent in this place.
 B = Non-inter-level travel time spent in this place.
 C = Inter-level travel time spent in this place.
 D = Time resting spent in this place.
 E = Time spent auto-exploring this place.
 F = Levels seen in this place.
 G = Mean time per level.
                   A        B        C        D        E       F      G
               +--------+--------+--------+--------+--------+-----+--------+
         Total |    295 |    295 |      0 |    105 |      0 |   1 |  295.0 |
       Dungeon |    295 |    295 |      0 |    105 |      0 |   1 |  295.0 |
               +--------+--------+--------+--------+--------+-----+--------+

Top non-repeatable levels by time:
     D:5: 295 daAuts
